 Dungeon Crawl Stone Soup version 0.31.0-11-ge490571c62 (webtiles) character file.

Game seed: 827045720565809098

170 NateTC the Trooper (level 5, 0/36 HPs)
             Began as a Gargoyle Fighter on Feb 3, 2024.
             Slain by Pikel
             ... wielding a +1 whip of freezing
              (6 damage)
             ... on level 4 of the Dungeon.
             The game lasted 00:06:40 (2471 turns).

NateTC the Trooper (Gargoyle Fighter)               Turns: 2471, Time: 00:06:41

Health: 0/36       AC: 13    Str: 21    XL:     5   Next: 51%
Magic:  5/5        EV:  7    Int:  9    God:
Gold:   113        SH:  5    Dex:  9    Spells: 4/4 levels left

rFire   . . .        a - +1 flail
rCold   . . .        c - +1 buckler
rNeg    + + .        g - +0 chain mail
rPois   ∞            (no helmet)
rElec   +            (no cloak)
rCorr   .            (no gloves)
SInv    .            (no boots)
Will    +....        p - amulet of the acrobat Stlth
                     m - ring of willpower
HPRegen 0.26/turn    q - ring of positive energy
MPRegen 0.09/turn

%: acrobat
@: mighty
A: sickness immunity, AC +4, negative energy resistance 1, electricity
resistance, torment resistance 1, petrification resistance
a: no special abilities


You were on level 4 of the Dungeon.
You visited 1 branch of the dungeon, and saw 4 of its levels.

You collected 113 gold pieces.

Inventory:

Hand Weapons
 a - a +1 flail (weapon)
 e - a +0 demon blade
Armour
 c - a +1 buckler (worn)
 g - a +0 chain mail (worn)
Jewellery
 m - a ring of willpower (left hand)
 p - an amulet of the acrobat (around neck)
 q - a ring of positive energy (right hand)
Scrolls
 j - 2 scrolls of enchant armour
 o - a scroll of silence {unknown}
Potions
 b - a potion of heal wounds {unknown}
 h - a potion of lignification {unknown}
 i - a potion of brilliance {unknown}
 l - a potion of berserk rage {unknown}
 n - a potion of cancellation {unknown}


   Skills:
 - Level 5.6 Fighting
 * Level 3.6 Maces & Flails
 - Level 3.2 Armour
 + Level 3.3 Shields


You had 4 spell levels left.
You didn't know any spells.
Your spell library contained the following spells:

 Spells                   Type           Power      Damage    Failure   Level
 Call Canine Familiar     Summ           0%         N/A       100%        3
 Inner Flame              Hex/Fire       0%         N/A       100%        3
 Sigil of Binding         Hex            0%         N/A       100%        3
 Dimensional Bullseye     Hex/Tloc       0%         N/A       100%        4
 Irradiate                Conj/Alch      0%         3d11      100%        5
 Ignition                 Fire           0%         3d3       100%        8


Dungeon Overview and Level Annotations

Branches:
Dungeon (4/15)
 Temple: D:4-7

Altars:
Cheibriados
Trog

Annotations:
D:4 Pikel


Innate Abilities, Weirdness & Mutations

You are immune to sickness and miasma.
Your stone body is resilient. (AC +4)
You are immune to poison.
You resist negative energy. (rN+)
You are resistant to electric shocks. (rElec)
You are resistant to unholy torment.
You are immune to petrification.


Message History

As you read the scroll of blinking, it crumbles to dust.
You feel better. The lemure barely misses you.
You feel very mighty all of a sudden. The lemure barely misses you.
You barely miss the lemure. You barely miss Pikel.
Pikel is lightly wounded.
You hit Pikel.
Pikel is lightly wounded.
Pikel hits you but does no damage.
You hit Pikel.
Pikel is moderately wounded.
Pikel hits you but does no damage. x2
You sock Pikel!
Pikel is heavily wounded.
Pikel closely misses you.
You closely miss Pikel.
Pikel is heavily wounded.
Pikel hits you with a +1 whip of freezing.
Pikel freezes you.
You hit Pikel but do no damage.
Pikel is heavily wounded.
Pikel hits you with a +1 whip of freezing.
* * * LOW HITPOINT WARNING * * *
Pikel freezes you.
* * * LOW HITPOINT WARNING * * *
You sock Pikel!
Pikel is severely wounded.
Pikel hits you but does no damage. Pikel completely misses you.
You sock Pikel!
Pikel is almost dead.
Pikel hits you with a +1 whip of freezing.
* * * LOW HITPOINT WARNING * * *
Pikel freezes you.
* * * LOW HITPOINT WARNING * * *
You closely miss Pikel.
Pikel is almost dead.
Pikel hits you with a +1 whip of freezing.
You die...
Pikel says, "Another soul for the market."

##.#..#.'...+.#..#.......
#..'..'###'###+..+.##.###
####..#.......#..#.......
#..#.......#..#...#.##
###'###'###'#####. ..
######.........# #. ##.
...............# #.# .
#######........# #.
#.@......# #. #K########
#5########## #5!5K5......
+........... #...........
#..........[ #...####....
#..## ....


You could see Pikel and 2 lemures.

Vanquished Creatures
  A phantom (D:4)
  2 adders (D:2)
  6 orcs
  An endoplasm (D:3)
  3 giant cockroaches
  8 hobgoblins
  2 jackals (D:4)
  5 kobolds
  6 quokkas
  6 ball pythons
  6 bats
  2 frilled lizards (D:1)
  9 goblins
  7 rats
64 creatures vanquished.

Notes
Turn   | Place    | Note
-------+----------+-------------------------------------------
     0 | D:1      | NateTC the Gargoyle Fighter began the quest for the Orb.
     0 | D:1      | Reached XP level 1. HP: 14/14 MP: 1/1
   147 | D:1      | Reached XP level 2. HP: 17/20 MP: 2/2
   406 | D:1      | Reached skill level 4 in Fighting
   584 | D:2      | Reached XP level 3. HP: 23/24 MP: 3/3
   795 | D:2      | Found a faded altar of an unknown god.
   898 | D:2      | Identified the +6 dagger of Wu Jian's Condemnation
                  | {antimagic, Dex+4}
  1613 | D:3      | Reached XP level 4. HP: 30/30 MP: 4/4
  2221 | D:4      | Found a bloodstained altar of Trog.
  2239 | D:4      | Noticed a phantom
  2258 | D:4      | Killed a phantom
  2259 | D:4      | Reached skill level 5 in Fighting
  2259 | D:4      | Reached XP level 5. HP: 18/36 MP: 5/5
  2410 | D:4      | Found a snail-covered altar of Cheibriados.
  2447 | D:4      | Noticed a lemure
  2447 | D:4      | Noticed a lemure
  2448 | D:4      | Noticed Pikel
  2449 | D:4      | Noticed a lemure
  2449 | D:4      | Noticed a lemure
  2471 | D:4      | Slain by Pikel

Illustrated notes

Levels and vault maps discovered:
D:1:      tarquinn_simple_flora_water_d, layout_loops_ring
D:2:      layout_loops_ring, hellmonk_ecumenical_altar_prayer_group,
          serial_glass, glass_columns_a, glass_columns_b
D:3:      layout_basic, minmay_increasing_density
D:4:      layout_basic, mainiacjoe_overflow_small_starburst,
          mainiacjoe_overflow_24_doors, gammafunk_temple_overflow_statue,
          uniq_pikel

Skill      XL: |  1  2  3  4 |
---------------+-------------+-----
Fighting       | 4 5 |  5.6
Maces & Flails | 3 |  3.6
Armour         | |  3.2
Shields        | |  3.3

Action                     |  1- 3 |  4- 6 || total
---------------------------+-------+-------++-------
  Melee: Flail             |    99 |    89 ||   188
    Use: Scroll            |     4 |     2 ||     6
         Potion            |       |     3 ||     3
 Armour: Scale mail        |    45 |       ||    45
         Chain mail        |    27 |    73 ||   100
  Dodge: Dodged            |    49 |    41 ||    90
  Block: Buckler           |    24 |    17 ||    41
